 Dungeon Crawl Stone Soup version 0.20-a0-433-g9e36e56 (webtiles) character file.

14 Asddderdsw the Charlatan (level 2, -3/14 HPs)
             Began as a Spriggan Artificer on Jan 4, 2017.
             Slain by an adder (5 damage)
             ... on level 5 of the Dungeon.
             The game lasted 00:18:24 (806 turns).

Asddderdsw the Charlatan (Spriggan Artificer)        Turns: 806, Time: 00:18:25

Health: -3/14      AC:  2    Str:  6    XL:     2   Next: 31%
Magic:  6/6        EV: 18    Int: 12    God:
Gold:   20         SH:  0    Dex: 14    Spells: 0/1 levels left

rFire  . . .     SeeInvis +     a - +1 short sword
rCold  . . .     Gourm    .     b - +0 robe
rNeg   . . .     Faith    +     (shield restricted)
rPois  .         Spirit   .     (helmet restricted)
rElec  .         Reflect  .     (no cloak)
rCorr  .         Harm     .     (gloves unavailable)
MR     .....                    (boots unavailable)
Stlth  ++........               m - amulet of faith
                                (no ring)
                                (no ring)

@: very quick
A: unfitting armour, see invisible, blink, clumsy 1, herbivore 3, speed 3, slow
metabolism 2, weak 1
a: Blink


You were on level 5 of the Dungeon.
You were not hungry.

You visited 1 branch of the dungeon, and saw 5 of its levels.

You collected 20 gold pieces.

Inventory:

Hand Weapons
 a - a +1 short sword (weapon)
 g - a +0 hunting sling
 h - a +0 club
 i - a +0 hand axe
 j - a cursed -2 club
 o - a +0 quarterstaff {heh}
 r - a +0 hunting sling
Missiles
 k - 37 bolts
Armour
 b - a +0 robe (worn)
Jewellery
 m - an amulet of faith (around neck)
Wands
 c - a wand of flame (13/48)
 d - a wand of enslavement (14/24)
 e - a wand of random effects (11/48)
Books
 p - a book of Maledictions

   Spells                             Type                      Level
   a - Corona                         Hexes                        1
   b - Ensorcelled Hibernation        Hexes/Ice                    2
   c - Confuse                        Hexes                        3
   d - Tukima's Dance                 Hexes                        3
   e - Dazzling Spray                 Conjuration/Hexes            3
Comestibles
 f - a bread ration


   Skills:
 + Level 0.7 Fighting
 + Level 1.2 Short Blades
 + Level 3.3 Dodging
 + Level 1.5 Stealth
 + Level 4.8 Evocations


You couldn't memorise any spells.
You knew the following spells:

 Your Spells              Type           Power        Failure   Level  Hunger
a - Corona                Hex            #......      34%         1    ##.....


Dungeon Overview and Level Annotations

Branches:
Dungeon (5/15)
 Temple: D:4-7

Altars:
Xom


Innate Abilities, Weirdness & Mutations

You are very small and have problems with some larger weapons.
You are too small for most types of armour.
You have supernaturally acute eyesight. (SInv)
You are a herbivore.
You cover ground extremely quickly.
You need consume almost no food.
You can translocate small distances at will.
You are clumsy. (Dex -2)
You are weak. (Str -2)


Message History

The adder bites you.
* * * LOW HITPOINT WARNING * * *
The adder barely misses you.
There is a stone staircase leading up here.
You climb upwards.
You hear the hiss of flowing sand.
There is an entrance to an ossuary on this level.
Hurry and find it before the portal is buried!
You hear the slow hiss of a very distant avalanche of sand.
Found 10 gold pieces.
There is a stone staircase leading down here.
Unknown command.
There is a stone staircase leading down here.
As you read the scroll labeled CENOSY EKLEWA, it crumbles to dust.
It is a scroll of identify.
g - a +0 hunting sling You now have 20 gold pieces (gained 10).
Your magical contamination has completely faded away.
There is a stone staircase leading down here.
You climb downwards.
The adder bites you.
You die...

#.# #.# #<# #.#
#.# #.# #.#
.##.###.########
......S@.......#
<##.####.......#
#.......##
#........#
#........# #
#........##.##
#.............
####.#.....##.##
#..........# #


You could see an adder.

Vanquished Creatures
  An ooze (D:3)
  A giant cockroach (D:3)
  3 hobgoblins (D:2)
  2 bats (D:1)
  2 frilled lizards
  A rat (D:3)
10 creatures vanquished.

Vanquished Creatures (collateral kills)
  A rat (D:2)
1 creature vanquished.

Grand Total: 11 creatures vanquished

Notes
Turn   | Place    | Note
-------+----------+-------------------------------------------
     0 | D:1      | Asddderdsw the Spriggan Artificer began the quest for the Orb.
     0 | D:1      | Reached XP level 1. HP: 9/9 MP: 4/4
   546 | D:3      | Found a shimmering altar of Xom.
   568 | D:3      | Reached XP level 2. HP: 9/14 MP: 6/6
   696 | D:5      | Entered Level 5 of the Dungeon
   738 | D:5      | Gained mutation: You can translocate small distances at will. [potion of mutation]
   738 | D:5      | Gained mutation: You are weak. (Str -2) [potion of mutation]
   738 | D:5      | Gained mutation: You are clumsy. (Dex -2) [potion of mutation]
   748 | D:5      | Learned a level 1 spell: Corona
   806 | D:5      | Slain by an adder

Vault maps used:
D:1:      lightli_arrival_isolated_outpost, supply_closet_lemuel
D:2:      lemuel_upstairs_altar, first_bread, uniq_sigmund
D:3:      eat_drink_and_be_merry_uskayaw, overflow_temple_1_default,
          chequers_ecumenical_altar_simple, minmay_misc_feat_nine_boxes
D:4:      lemuel_crystal_altar, gup_ossuary_entry_pyramid, serial_shops, shop
D:5:      zin_treasury, uniq_pikel

Action                   || total
-------------------------++-------
Melee: Short sword       ||    23
Evoke: Wand              ||     7
  Use: Scroll            ||     4
       Potion            ||     3
 Stab: Sleeping          ||     1
Armor: Robe              ||    10
Dodge: Dodged            ||    47
